 Dungeon Crawl Stone Soup version 0.29.1-4-g47bece8355 (webtiles) character file.

Game seed: 11299582032264104410

103 klnnlk the Chopper (level 4, -2/39 HPs)
             Began as a Minotaur Berserker on Dec 4, 2022.
             Was a Believer of Trog.
             Slain by a gnoll
             ... wielding a +0 flail
              (9 damage)
             ... on level 2 of the Dungeon.
             The game lasted 00:02:59 (1869 turns).

klnnlk the Chopper (Minotaur Berserker)             Turns: 1869, Time: 00:02:59

Health: -2/39      AC:  7    Str: 29    XL:     4   Next: 51%
Magic:  3/3        EV: 11    Int:  4    God:    Trog [**....]
Gold:   40         SH:  0    Dex: 10    Spells: 3/3 levels left

rFire   . . .      SeeInvis .   a - +0 hand axe
rCold   . . .      Faith    .   (no shield)
rNeg    . . .      Spirit   .   i - +1 ring mail
rPois   .          Reflect  .   (helmet restricted)
rElec   .          Harm     .   (no cloak)
rCorr   .          Rampage  .   o - +0 pair of gloves
Will    .....                   (no boots)
Stlth   +.........              (no amulet)
HPRegen 0.13/turn               d - +6 ring of strength
MPRegen 0.08/turn               (no ring)

@: no status effects
A: horns 2, retaliatory headbutt
a: Renounce Religion, Berserk, Trog's Hand


You were on level 2 of the Dungeon.
You worshipped Trog.
Trog was pleased with you.
You visited 1 branch of the dungeon, and saw 2 of its levels.

You collected 40 gold pieces.

Inventory:

Hand Weapons
 a - a +0 hand axe (weapon)
Missiles
 k - 9 poisoned darts (quivered)
Armour
 b - a +0 animal skin
 i - a +1 ring mail (worn)
 m - an orb of light
 o - a +0 pair of gloves (worn)
 p - a +0 chain mail
Jewellery
 c - a ring of flight
 d - a +6 ring of strength (left hand)
Scrolls
 h - 2 scrolls of teleportation {unknown}
 j - a scroll of enchant armour
 n - a scroll of fear {unknown}
Potions
 e - a potion of magic {unknown}
 f - a potion of resistance {unknown}
 g - a potion of flight {unknown}
 l - a potion of degeneration {unknown}


   Skills:
 - Level 3.6 Fighting
 * Level 6.3 Axes
 - Level 2.4 Armour
 - Level 2.1 Dodging
 + Level 0.5 Stealth


You had 3 spell levels left.
You didn't know any spells.
Your spell library was empty.

Dungeon Overview and Level Annotations

Branches:
Dungeon (2/15)

Altars:


Innate Abilities, Weirdness & Mutations

You have a pair of horns on your head.
You reflexively headbutt those who attack you in melee.


Message History

Trog accepts your kill.
Your Axes skill increases to level 6!
You closely miss the gnoll. The gnoll closely misses you.
You furiously retaliate!
You headbutt the gnoll. You slash the gnoll!
The gnoll is severely wounded.
The gnoll hits you but does no damage.
The gnoll hits you from afar with a +0 spear.
You hit the gnoll.
The gnoll is almost dead.
The gnoll closely misses you. The gnoll hits you with a +0 whip.
You hit the gnoll.
You kill the gnoll!
Trog accepts your kill.
The gnoll hits you from afar with a +0 spear.
The gnoll hits you with a +0 spear.
Items here: )) ††.
You hit the gnoll. Your headbutt misses the gnoll.
The gnoll is lightly wounded.
The gnoll barely misses you.
You slash the gnoll!
The gnoll is severely wounded.
The gnoll hits you with a +0 spear.
You hit the gnoll but do no damage. You headbutt the gnoll.
You kill the gnoll!
Trog accepts your kill.
You hit the gnoll.
The gnoll is moderately wounded.
The gnoll hits you with a +0 flail!
You barely miss the gnoll. Your headbutt misses the gnoll.
The gnoll is moderately wounded.
The gnoll hits you with a +0 flail.
* * * LOW HITPOINT WARNING * * *
You barely miss the gnoll. Your headbutt misses the gnoll.
The gnoll is moderately wounded.
The gnoll closely misses you.
You hit the gnoll.
The gnoll is almost dead.
The gnoll hits you with a +0 flail!
You die...

#..## ...# ##).##
.... ##..## ...#
##..## #..# ##..#
#..# ##..##
#?.#####. ##..##
#........ ##..##
#.####### #..##
#@# ..## #g# .## .
##.###### ##
....##.......# #
..g.......##.#####
....##..#........#
.## #...###.###.#
#..... #^# #.#
##.......# #.#


You could see a gnoll.

Vanquished Creatures
  4 gnolls
  2 adders (D:2)
  A dart slug (D:1)
  4 endoplasms
  5 hobgoblins
  3 kobolds
  3 quokkas (D:1)
  7 ball pythons
  5 bats
  A frilled lizard (D:1)
  4 goblins
  4 rats (D:1)
43 creatures vanquished.

Vanquished Creatures (others)
  A plant (D:1)
1 creature vanquished.

Grand Total: 44 creatures vanquished

Notes
Turn   | Place    | Note
-------+----------+-------------------------------------------
     0 | D:1      | klnnlk the Minotaur Berserker began the quest for the Orb.
     0 | D:1      | Reached XP level 1. HP: 19/19 MP: 0/0
    61 | D:1      | Reached skill level 4 in Axes
   414 | D:1      | Reached XP level 2. HP: 24/26 MP: 1/1
   676 | D:1      | Reached skill level 5 in Axes
   697 | D:1      | Reached XP level 3. HP: 26/31 MP: 2/2
   913 | D:1      | Found a faded altar of an unknown god.
   994 | D:1      | Reached ** piety under Trog
  1785 | D:2      | Reached XP level 4. HP: 39/39 MP: 3/3
  1858 | D:2      | Reached skill level 6 in Axes
  1869 | D:2      | Slain by a gnoll

Illustrated notes

Levels and vault maps discovered:
D:1:      elethiomel_arrival_shortcut, layout_loops_corners,
          dilly_ecumenical_altar_fadedgnrine
D:2:      minmay_alternating_diamond, layout_loops_corners, serial_shops,
          nicolae_shop_hallway_stairs

Skill      XL: |  1  2  3  4 |
---------------+-------------+-----
Axes           | 4 5 6 |  6.3
Fighting       | |  3.6
Armour         | |  2.4
Dodging        | |  2.1
Stealth        | |  0.5

Action                   |  1- 3 |  4- 6 || total
-------------------------+-------+-------++-------
Melee: Hand axe          |    69 |    17 ||    86
       Headbutt          |     6 |     2 ||     8
  Use: Scroll            |     1 |       ||     1
 Stab: Sleeping          |     1 |       ||     1
Armor: Animal skin       |     9 |       ||     9
       Ring mail         |    12 |     7 ||    19
Dodge: Dodged            |    37 |     7 ||    44
